 Dungeon Sprint DCSS version 0.31.0-32-g396128a36d (webtiles) character file.

Game seed: 3798203686260947309

488 Heoruswealwe the Spear-Bearer (level 6, 0/64 HPs)
             Began as a Minotaur Fighter on Apr 19, 2024.
             Was an Initiate of Gozag.
             Slain by a yak (1 damage)
             ... in the Dungeon (Sprint IX: "|||||||||||||||||||||||||||||").
             The game lasted 00:01:22 (128 turns).

Heoruswealwe the Spear-Bearer (Minotaur Fighter)     Turns: 128, Time: 00:01:23

Health: 0/64       AC:  8    Str: 22    XL:     6   Next: 90%
Magic:  5/5        EV:  9    Int:  5    God:    Gozag
Gold:   0          SH:  4    Dex: 10    Spells: 5/5 levels left

rFire   . . .        a - +0 trident
rCold   . . .        d - +0 buckler
rNeg    . . .        c - +0 scale mail
rPois   .            (helmet restricted)
rElec   .            (no cloak)
rCorr   .            (no gloves)
SInv    .            (no boots)
Will    .....        (no amulet) Stlth
                     (no ring)
HPRegen 0.30/turn    (no ring)
MPRegen 0.09/turn

%: no teleportation
@: gold aura
A: horns 2, retaliatory headbutt
a: Renounce Religion, Potion Petition, Call Merchant, Bribe Branch


You were in the Dungeon.
You worshipped Gozag.
Gozag was noncommittal.
You visited 1 branch

Inventory:

Hand Weapons
 a - a +0 trident (weapon)
Armour
 c - a +0 scale mail (worn)
 d - a +0 buckler (worn)
Jewellery
 k - a +2 ring of evasion
 l - a +2 ring of protection
Wands
 h - a wand of roots (10)
Scrolls
 j - 2 scrolls of blinking
Potions
 b - a potion of might
 e - 2 potions of heal wounds
 f - 4 potions of curing
 g - a potion of haste
 i - a potion of berserk rage


   Skills:
 + Level 9.6 Fighting
 * Level 12.6 Polearms
 + Level 9.6 Armour
 - Level 3.6 Shields


You had 5 spell levels left.
You didn't know any spells.
Your spell library was empty.

Dungeon Overview and Level Annotations

Branches:
Dungeon (1/1)

Altars:
Cheibriados
Dithmenos
Elyvilon
Fedhas
Gozag
Hepliaklqana
Kikubaaqudgha
Makhleb
Nemelex Xobeh
Okawaru
Qazlal
Ru
Sif Muna
Trog
Uskayaw
Vehumet
Wu Jian
Xom
Yredelemnul
Zin
The Shining One
Jiyva
Lugonu


Innate Abilities, Weirdness & Mutations

You have a pair of horns on your head.
You reflexively headbutt those who attack you in melee.


Message History

The howler monkey is moderately wounded.
You closely miss the howler monkey.
The howler monkey is moderately wounded.
The howler monkey hits you.
* * * LOW HITPOINT WARNING * * *
The shadow slips into darkness.
The shadow flickers and vanishes!
Deactivating autopickup; reactivate with Ctrl-A.
You hit the howler monkey but do no damage.
Your headbutt misses the howler monkey.
The howler monkey is moderately wounded.
The howler monkey closely misses you.
You closely miss the howler monkey.
The howler monkey is moderately wounded.
The howler monkey hits you but does no damage.
You hit the howler monkey.
The howler monkey is heavily wounded.
You block the howler monkey's attack.
You closely miss the howler monkey.
The howler monkey is heavily wounded.
The howler monkey barely misses you.
You puncture the howler monkey!
The howler monkey is almost dead.
The howler monkey closely misses you.
You puncture the howler monkey!
You kill the howler monkey!
You puncture the yak! You headbutt the yak, but do no damage.
The yak is moderately wounded.
The yak closely misses you.
You puncture the yak!
The yak is heavily wounded.
You hit the yak. You headbutt the yak.
The yak is severely wounded.
The yak gores you!
* * * LOW HITPOINT WARNING * * *
You hit the yak. You headbutt the yak.
The yak is almost dead.
The yak gores you.
You die...
Your body crumbles into a pile of gold.

▓.▓
▓.▓
▓.▓
▓{▓
▓K▓
▓T▓
▓Y▓
▓@▓
▓.▓
▓[▓
▓[▓
▓[▓
▓.▓
▓)▓
▓?▓
▓!▓


You could see a yak, a troll and a kobold brigand.

Vanquished Creatures
  A yak (D)
  A black bear (D)
  An ogre (D)
  A centaur (D)
  A howler monkey (D)
  A bombardier beetle (D)
  An ufetubus (D)
  A giant cockroach (D)
  A hobgoblin (D)
  A bat (D)
  A kobold (D)
  A rat (D)
12 creatures vanquished.

Notes
Turn   | Place    | Note
-------+----------+-------------------------------------------
     0 | D        | Heoruswealwe the Minotaur Fighter began the quest for the
                  | Orb.
     0 | D        | Reached XP level 1. HP: 19/19 MP: 0/0
     5 | D        | Reached skill level 3 in Polearms
    29 | D        | Noticed a bombardier beetle
    29 | D        | Noticed an ogre
    29 | D        | Noticed a black bear
    29 | D        | Noticed a centaur
    33 | D        | Killed a centaur
    34 | D        | Reached skill level 7 in Polearms
    34 | D        | Reached XP level 2. HP: 24/30 MP: 1/1
    34 | D        | Reached XP level 3. HP: 30/37 MP: 2/2
    34 | D        | Reached XP level 4. HP: 36/44 MP: 3/3
    45 | D        | Killed a black bear
    46 | D        | Reached skill level 9 in Polearms
    46 | D        | Reached XP level 5. HP: 32/52 MP: 4/4
    48 | D        | Killed an ogre
    49 | D        | Reached skill level 10 in Polearms
    53 | D        | Reached XP level 6. HP: 16/62 MP: 5/5
    56 | D        | HP: 3/62 [burnt (2)]
    59 | D        | Reached skill level 11 in Polearms
    64 | D        | Found a snail-covered altar of Cheibriados.
    64 | D        | Found a shadowy altar of Dithmenos.
    64 | D        | Found a white marble altar of Elyvilon.
    64 | D        | Found a blossoming altar of Fedhas.
    64 | D        | Found an opulent altar of Gozag.
    65 | D        | Found a hazy altar of Hepliaklqana.
    66 | D        | Found a viscous altar of Jiyva.
    67 | D        | Found an ancient bone altar of Kikubaaqudgha.
    68 | D        | Found a corrupted altar of Lugonu.
    69 | D        | Found a burning altar of Makhleb.
    70 | D        | Found a sparkling altar of Nemelex Xobeh.
    71 | D        | Found an iron altar of Okawaru.
    72 | D        | Became a worshipper of Gozag Ym Sagoz the Greedy
    73 | D        | Found a stormy altar of Qazlal.
    74 | D        | Found a sacrificial altar of Ru.
    75 | D        | Found a shimmering blue altar of Sif Muna.
    76 | D        | Found a bloodstained altar of Trog.
    77 | D        | Found a hide-covered altar of Uskayaw.
    78 | D        | Found a radiant altar of Vehumet.
    79 | D        | Found an ornate altar of the Wu Jian Council.
    80 | D        | Found a shimmering altar of Xom.
    81 | D        | Found a basalt altar of Yredelemnul.
    82 | D        | Found a glowing silver altar of Zin.
    83 | D        | Found a glowing golden altar of the Shining One.
   108 | D        | Noticed a shadow
   108 | D        | Noticed a troll
   108 | D        | Noticed a yak
   108 | D        | Noticed a yak
   113 | D        | Killed a yak
   114 | D        | Reached skill level 12 in Polearms
   127 | D        | HP: 1/64 [yak (8)]
   128 | D        | Slain by a yak

Illustrated notes

Levels and vault maps discovered:
D:        linesprint [early_d, line_temple, items_1, d_10, items_2, lair_1,
          lair_end, items_3, orc_1, orc_end, items_4, d_15, swamp_1, shoals_1,
          snake_1, spider_1, d_20, vaults_1, items_5, swamp_end, shoals_end,
          snake_end, spider_end, vaults_end, d_27, items_6, zot_1, zot_end,
          crypt_end, forest_end, elf_end, slime_end, tomb_end, abyss_end,
          pan_hell_end]

Skill      XL: |  1  2  3  4  5  6 |
---------------+-------------------+-----
Polearms       | 7 9 10 12 | 12.6
Fighting       | 6 7 8 9 |  9.6
Armour         | 6 7 8 9 |  9.6
Shields        | |  3.6

Action                     |  1- 3 |  4- 6 || total
---------------------------+-------+-------++-------
  Melee: Trident           |    16 |    43 ||    59
         Headbutt          |     2 |    10 ||    12
    Use: Potion            |       |     2 ||     2
 Armour: Scale mail        |    13 |    33 ||    46
  Dodge: Dodged            |    10 |    15 ||    25
  Block: Buckler           |     4 |     9 ||    13
